 Dungeon Crawl Stone Soup version 0.22-a0-617-g6d95e9e (webtiles) character file.

25 Hebeh the Firebug (level 2, 0/15 HPs)
             Began as a Deep Elf Fire Elementalist on July 12, 2018.
             Slain by a goblin
             ... wielding a +0 club
             ... led by Robin
              (1 damage)
             ... on level 1 of the Dungeon.
             The game lasted 00:04:03 (1101 turns).

Hebeh the Firebug (Deep Elf Fire Elementalist)      Turns: 1101, Time: 00:04:04

Health: 0/15       AC:  2    Str:  5    XL:     2   Next: 86%
Magic:  6/8        EV: 13    Int: 19    God:
Gold:   44         SH:  0    Dex: 15    Spells: 6/7 levels left

rFire    . . .     SeeInvis .   e - +0 short sword
rCold    . . .     Gourm    .   (no shield)
rNeg     . . .     Faith    .   a - +0 robe
rPois    .         Spirit   .   (no helmet)
rElec    .         Reflect  .   (no cloak)
rCorr    .         Harm     .   (no gloves)
MR       .....                  (no boots)
Stlth    ++........             (no amulet)
HPRegen  0.05/turn              (no ring)
MPRegen  0.11/turn              (no ring)

@: no status effects
A: no striking features
a: no special abilities


You were on level 1 of the Dungeon.
You were not hungry.

You visited 1 branch of the dungeon, and saw 2 of its levels.

You collected 44 gold pieces.

Inventory:

Hand Weapons
 d - a +0 mace
 e - a +0 short sword (weapon)
Missiles
 f - 11 stones (quivered)
 i - 24 sling bullets
Armour
 a - a +0 robe (worn)
Scrolls
 b - 2 scrolls of identify {unknown}
 g - 2 scrolls of amnesia {unknown}
 j - 2 scrolls of fear {unknown}
Potions
 k - a potion of berserk rage {unknown}
Comestibles
 c - 2 rations
 h - a chunk of flesh


   Skills:
 - Level 2.4 Dodging
 - Level 2.4 Stealth
 + Level 3.4 Spellcasting
 * Level 2.4 Conjurations
 + Level 3.6 Fire Magic


You had 6 spell levels left.
You knew the following spells:

 Your Spells              Type           Power        Failure   Level  Hunger
a - Flame Tongue          Conj/Fire      ##...        4%          1    None

Your spell library contained the following spells:

 Spells                   Type           Power        Failure   Level  Hunger
 Fireball                 Conj/Fire      ##........   75%         5    ######.
 Conjure Flame            Conj/Fire      ##......     13%         3    ###....
 Throw Flame              Conj/Fire      ##....       6%          2    ##.....
 Sticky Flame             Conj/Fire      ##......     38%         4    ####...
 Inner Flame              Hex/Fire       ##......     21%         3    ###....


Dungeon Overview and Level Annotations

Branches:
Dungeon (2/15)

Altars:

Annotations:
D:2 Robin


Message History

Casting: Flame Tongue (safe; 4% risk of failure)
Confirm with . or Enter, or press ? or * to list all spells.
Aiming: Flame Tongue (safe; 4% risk of failure)
Press: ? - help, Shift-Dir - straight line, f - goblin
Aim: a goblin (unusually strong)
The flame tongue hits the goblin.
You kill the goblin!
The giant cockroach bites you but does no damage.
The goblin closely misses you. The kobold hits you.
* * * LOW HITPOINT WARNING * * *
The giant cockroach barely misses you.
Casting: Flame Tongue (safe; 4% risk of failure)
Confirm with . or Enter, or press ? or * to list all spells.
Aiming: Flame Tongue (safe; 4% risk of failure)
Press: ? - help, Shift-Dir - straight line, f - kobold
Aim: a kobold The flame tongue hits the kobold.
You kill the kobold!
The goblin hits you with a club.
You die...

#.#
#..........................
#.#
#.......############..#####
#.# #.......#..........#..#
#.# #.......##.#######.#..#
#.# #.......##.#.#...#.#..#
#.# #.......##.#.....#.#..#
#.# #.......##.#.#.###.#..#
#.# #.......##†#.......#..#
#.# #........÷@s.#.....#..#
#.# #........g.........#..#
#.# ###.....#.)#########..#
#.#
#.....#.............#####
#.#
#.....#.##########..#...#
#.#
#.....#.#.........#.#...#
#.#
#.....#.#.#######.#.....#
#.# #.....#.#.# #.#.....#
#.# #....)#.#.# #.#.....#


You could see a giant cockroach and a goblin.

Vanquished Creatures
  2 leopard geckos (D:1)
  6 goblins
  3 hobgoblins (D:1)
  6 kobolds (D:1)
  A ball python (D:1)
  2 bats (D:1)
  A frilled lizard (D:1)
  2 rats (D:1)
23 creatures vanquished.

Notes
Turn   | Place    | Note
-------+----------+-------------------------------------------
     0 | D:1      | Hebeh the Deep Elf Fire Elementalist began the quest for the Orb.
     0 | D:1      | Reached XP level 1. HP: 10/10 MP: 6/6
   455 | D:1      | Reached XP level 2. HP: 15/15 MP: 6/8
  1022 | D:2      | Noticed Robin
  1101 | D:1      | Slain by a goblin

Vault maps used:
D:1:      lemuel_arrival_muddy
D:2:      grunt_temple_overflow_holy_war, kennysheep_vampire_church,
          lemuel_round_altar, tso_altar, uniq_jessica, uniq_sigmund, uniq_robin

Skill      XL: |  1  2 |
---------------+-------+-----
Conjurations   | 2 |  2.4
Dodging        | |  2.4
Stealth        | |  2.4
Spellcasting   | |  3.4
Fire Magic     | |  3.6

Action                   || total
-------------------------++-------
Throw: Stone             ||    30
 Cast: Flame Tongue      ||    34
Armor: Robe              ||     4
Dodge: Dodged            ||    12

Table legend:
 A = Spawn XP
 B = Non-spawn XP
 C = Spawn XP percentage of total XP
 D = Spawn monster count
 E = Non-spawn monster count
 F = Spawn count percentage of total count
 G = Total turns spent on level
                    A         B        C        D         E        F      G
               +---------+---------+-------+---------+---------+-------+---------
         Total |       0 |      37 |   0.0 |       0 |      23 |   0.0 |  1101
               +---------+---------+-------+---------+---------+-------+---------
           D:1 |       0 |      31 |   0.0 |       0 |      20 |   0.0 |  1084
           D:2 |       0 |       6 |   0.0 |       0 |       3 |   0.0 |    17
               +---------+---------+-------+---------+---------+-------+---------
